 Dungeon Crawl Stone Soup version 0.22-a0-223-g0f5d773 (webtiles) character file.

8 vishdafish the Ducker (level 2, 20/22 HPs)
             Began as a Demonspawn Gladiator on Feb 18, 2018.
             Quit the game on level 1 of the Dungeon.
             The game lasted 00:00:24 (287 turns).

vishdafish the Ducker (Demonspawn Gladiator)         Turns: 287, Time: 00:00:25

Health: 20/22      AC:  5    Str: 14    XL:     2   Next: 0%
Magic:  2/2        EV: 13    Int:  9    God:
Gold:   43         SH:  0    Dex: 14    Spells: 1/1 levels left

rFire    . . .     SeeInvis .   a - +0 long sword
rCold    . . .     Gourm    .   (no shield)
rNeg     . . .     Faith    .   b - +0 leather armour
rPois    .         Spirit   .   c - +0 helmet
rElec    .         Reflect  .   g - +0 cloak
rCorr    .         Harm     .   (no gloves)
MR       .....                  (no boots)
Stlth    +.........             (no amulet)
HPRegen  0.07/turn              (no ring)
MPRegen  0.08/turn              (no ring)

@: no status effects
A: rot immunity
a: no special abilities


You were on level 1 of the Dungeon.
You were not hungry.

You visited 1 branch of the dungeon, and saw 1 of its levels.

You collected 43 gold pieces.

Inventory:

Hand Weapons
 a - a +0 long sword (weapon)
Missiles
 d - 3 throwing nets (quivered)
 e - 17 bolts
Armour
 b - a +0 leather armour (worn)
 c - a +0 helmet (worn)
 g - a +0 cloak (worn)
Scrolls
 h - a scroll of remove curse {unknown}
 i - a scroll of magic mapping {unknown}
 k - a scroll of enchant armour {unknown}
 m - a scroll of random uselessness {unknown}
Potions
 j - a potion of brilliance {unknown}
 l - a potion of heal wounds {unknown}
Comestibles
 f - a ration


   Skills:
 + Level 2.1 Fighting
 + Level 2.7 Long Blades
 + Level 1.8 Throwing
 + Level 3.0 Dodging


You had one spell level left.
You didn't know any spells.

Dungeon Overview and Level Annotations

Branches:
Dungeon (1/15)

Altars:


Innate Abilities, Weirdness & Mutations

You are immune to rotting.


Message History

A rat is nearby!
A rat is nearby!
You closely miss the rat. The rat closely misses you. x2
You hit the rat.
You kill the rat!
You have reached level 2!
Your demonic ancestry asserts itself...
You feel immune to rotting.
m - a scroll labeled VORRUS XUD SOA You now have 7 gold pieces.
You now have 25 gold pieces (gained 18).
You now have 36 gold pieces (gained 11).
You now have 43 gold pieces (gained 7).
A giant cockroach comes into view.
Are you sure you want to abandon this character and quit the game? (Confirm with "yes".)
Okay, then.
Unknown command.
Are you sure you want to abandon this character and quit the game? (Confirm with "yes".)
Okay, then.
Are you sure you want to abandon this character and quit the game? (Confirm with "yes".)

........#....#.#≈.
...s................#≈§
.....##......#...#.#§.
....##......#...#.#≈.
...........#...#.#..
#..........#...#.#..
###..........#...#.#..
#................#.###
#$...@###........#.# ♣
#...#.....# #...##.#♣♣
### #.....###...##.#♣.
#......##......##'
#..............#♣.
#...............###
#..........#.......
#..........#....###
#......#####....#


You could see a giant cockroach (sleeping).

Vanquished Creatures
  A bat (D:1)
  A giant cockroach (D:1)
  A goblin (D:1)
  A hobgoblin (D:1)
  A frilled lizard (D:1)
  3 rats (D:1)
8 creatures vanquished.

Notes
Turn   | Place    | Note
-------+----------+-------------------------------------------
     0 | D:1      | vishdafish the Demonspawn Gladiator began the quest for the Orb.
     0 | D:1      | Reached XP level 1. HP: 16/16 MP: 1/1
   238 | D:1      | Reached skill level 3 in Dodging
   242 | D:1      | Gained mutation: You are immune to rotting. [demonic ancestry]
   242 | D:1      | Reached XP level 2. HP: 17/22 MP: 2/2
   287 | D:1      | Quit the game

Vault maps used:
D:1:      scummos_arrival_gate, st_stairs_6

Skill      XL: |  1 |
---------------+----+-----
Dodging        | 3 |  3.0
Fighting       | |  2.1
Long Blades    | |  2.7
Throwing       | |  1.8

Action                   || total
-------------------------++-------
Melee: Long sword        ||    26
Armor: Leather armour    ||    11
Dodge: Dodged            ||    21
       Rpst.: Long sword ||     6

Table legend:
 A = Spawn XP
 B = Non-spawn XP
 C = Spawn XP percentage of total XP
 D = Spawn monster count
 E = Non-spawn monster count
 F = Spawn count percentage of total count
 G = Total turns spent on level
                    A         B        C        D         E        F      G
               +---------+---------+-------+---------+---------+-------+---------
         Total |       0 |      12 |   0.0 |       0 |       8 |   0.0 |   287
               +---------+---------+-------+---------+---------+-------+---------
           D:1 |       0 |      12 |   0.0 |       0 |       8 |   0.0 |   287
               +---------+---------+-------+---------+---------+-------+---------
